 Dungeon Crawl Stone Soup version 0.20.0-8-g6b59dc7 (webtiles) character file.

13530 vatarom the Protected (level 11, 0/78 HPs)
             Began as a Demonspawn Chaos Knight on June 2, 2017.
             Succumbed to Sonja's curare-tipped needle
             ... on level 2 of the Lair of Beasts.
             The game lasted 00:41:43 (11594 turns).

vatarom the Protected (Demonspawn Chaos Knight)    Turns: 11594, Time: 00:41:43

Health: 0/78       AC: 19    Str: 15    XL:     11   Next: 76%
Magic:  2/11       EV: 11    Int: 13    God:    Xom [......]
Gold:   938        SH: 12    Dex: 15    Spells: 10/10 levels left

rFire    . . .     SeeInvis .   h - +8 quarterstaff (chaos)
rCold    + . .     Gourm    .   (shield currently unavailable)
rNeg     . . .     Faith    .   z - +0 plate armour
rPois    .         Spirit   +   (helmet restricted)
rElec    .         Reflect  +   l - +2 cloak {+Inv}
rCorr    .         Harm     .   k - +1 pair of gloves
MR       .....                  q - +2 pair of boots
Stlth    ..........             d - +6 amulet of reflection
Regen    0.3/turn               n - +5 ring of evasion
MPRegen  0.2/turn               (no ring)

@: mighty, lethally poisoned (0 -> -15), slowed, very slow
A: antennae 1, fangs 1, large bone plates 2, camouflage 2, cold resistance 1,
deformed body, frail 1, powered by pain 1, weak 2, magic shield
a: Renounce Religion, Evoke Invisibility


You were on level 2 of the Lair of Beasts.
You worshipped Xom.
You were a very special plaything of Xom.
You were not hungry.

You visited 3 branches of the dungeon, and saw 14 of its levels.
You also visited: Bailey.

You collected 938 gold pieces.

Inventory:

Hand Weapons
 h - a +8 quarterstaff of chaos (weapon)
Armour
 k - a +1 pair of gloves (worn)
 l - a +2 cloak of invisibility (worn)
 q - a +2 pair of boots (worn)
 z - a +0 plate armour (worn)
Jewellery
 d - a +6 amulet of reflection (around neck)
 n - a +5 ring of evasion (left hand)
Wands
 a - a wand of lightning (4/15)
 p - a wand of disintegration (22/24)
 s - a wand of clouds (5/9)
 t - a wand of lightning (9/15)
 v - a wand of acid (8/15)
 x - a wand of lightning (9/15)
 D - a wand of acid (4/15)
Scrolls
 b - a scroll of torment
 i - 14 scrolls of identify
 j - a scroll of enchant weapon
 m - 11 scrolls of remove curse
 w - 2 scrolls of magic mapping
 y - 2 scrolls of enchant armour
 B - a scroll of fog
 C - a scroll of recharging
 E - 2 scrolls of amnesia
Potions
 c - 2 potions of flight
 e - 2 potions of might
 f - 4 potions of degeneration
 g - a potion of magic
Comestibles
 o - 9 fruits
 r - 8 royal jellies
 u - 7 bread rations
 A - 2 meat rations


   Skills:
 - Level 8.4 Fighting
   Level 3.7(8.0) Maces & Flails
 + Level 11.0(11.2) Staves
 * Level 11.1 Armour
 - Level 2.2 Dodging


You had 10 spell levels left.
You didn't know any spells.

Dungeon Overview and Level Annotations

Branches:
Dungeon (11/15)            Temple (1/1) D:6            Lair (2/6) D:8
    Orc (0/2) D:11
  Swamp: Lair:2-4    Shoals: Lair:2-4     Snake: Lair:2-4    Spider: Lair:2-4

Altars:
Ashenzari
Cheibriados
Dithmenos
Elyvilon
Fedhas
Gozag
Hepliaklqana
Kikubaaqudgha
Makhleb
Nemelex Xobeh
Okawaru
Qazlal
Ru
Sif Muna
Trog
Uskayaw
Vehumet
Xom
Yredelemnul
Zin
The Shining One

Annotations:
Lair:2 Sonja


Innate Abilities, Weirdness & Mutations

You have a pair of small antennae on your head.
You are mostly covered in large bone plates. (SH +6)
You sometimes gain a little power by taking damage.
When hurt, damage is shared between your health and your magic reserves.
You have very sharp teeth.
Your skin blends seamlessly with your surroundings (Stealth++).
Your flesh is cold resistant. (rC+)
Armour fits poorly on your strangely shaped body.
You are frail. (-10% HP)
You are very weak. (Str -4)


Message History

Evoke which item? (* to show all) (? for menu, Esc to quit)
Okay, then.
Okay, then.
As you read the scroll of torment, it crumbles to dust.
Your body is wracked with pain!
* * * LOW HITPOINT WARNING * * *
The yak convulses!
Sonja convulses!
The yak convulses! x2
* * * LOW HITPOINT WARNING * * *
You feel very sick.
Sonja looks more healthy.
Sonja gestures wildly while chanting.
Sonja looks slightly unstable.
You block the yak's attack.
Sonja mumbles some strange words.
Sonja blinks!
The yak gores you but does no damage.
* * * LOW HITPOINT WARNING * * *
You feel sick. "Forecast: mostly cloudy."
Unknown command.
You die...
Xom chortles!

........ ##.......##
........ #.........##
(.....K. #..........#
.(......####..........#
.......#.#............#
.......#Y#............#
#.YY§§.........###
###Y§§........#..##.
#.§@......####....
#.......#..⌠..#
#........#.....#
#.........⌠.<..+
#..............#
#........#..⌠.##
#.........#####
..........# .....#


You could see 2 yaks.

Vanquished Creatures
  2 hydras (Lair:1)
  A two-headed ogre (D:8)
  An orc knight (D:9)
  A cyclops (D:11)
  2 ugly things
  Psyche (D:8)
  Maurice (D:11)
  2 komodo dragons (Lair:1)
  7 hippogriffs
  Sigmund (D:3)
  5 yaks
  2 hogs (D:7)
  A human (D:7)
  A basilisk (Lair:1)
  A hungry ghost (D:9)
  A warg (D:7)
  A spatial vortex (D:3)
  8 orc warriors
  A swamp drake (D:11)
  2 sky beasts (D:9)
  A black bear (D:7)
  4 ogres
  2 eyes of draining (D:9)
  3 ice beasts
  2 centaurs
  A crocodile (Lair:2)
  Blork the orc (D:6)
  4 big kobolds
  5 bullfrogs
  A gnoll sergeant (D:10)
  3 water moccasin skeletons
  3 scorpions
  4 killer bees (D:8)
  8 wights (D:8)
  An electric eel (D:6)
  5 crimson imps
  3 bullfrog zombies
  A quasit (D:8)
  3 jellies
  8 orc priests
  Crazy Yiuf (D:2)
  A bullfrog skeleton (D:6)
  4 hounds
  3 centaur zombies
  8 orc wizards
  3 iguanas
  10 worker ants
  A hound skeleton (D:9)
  9 gnolls
  2 worker ant zombies
  13 adders
  2 shadow imps
  2 oozes
  3 adder skeletons
  2 worms
  3 dart slugs
  5 leopard geckos
  58 orcs
  2 giant cockroaches
  11 goblins
  12 hobgoblins
  6 jackals
  25 kobolds
  A quokka (D:7)
  3 ball pythons
  16 bats
  2 frilled lizards (D:3)
  A jackal skeleton (D:6)
  7 rats
321 creatures vanquished.

Vanquished Creatures (collateral kills)
  A warg (D:7)
  2 hounds (D:4)
  2 orc priests (D:11)
  A worm (D:4)
  An orc (D:4)
  3 kobolds (D:11)
10 creatures vanquished.

Vanquished Creatures (others)
  A hornet zombie (D:9)
  2 centaurs
  4 orcs
  A kobold (D:11)
  A butterfly (Lair:2)
  A fungus (D:2)
10 creatures vanquished.

Grand Total: 341 creatures vanquished

Notes
Turn   | Place    | Note
-------+----------+-------------------------------------------
     0 | D:1      | vatarom the Demonspawn Chaos Knight began the quest for the Orb.
     0 | D:1      | Reached XP level 1. HP: 18/18 MP: 1/1
    47 | D:1      | XOM: divination: magic mapping
   127 | D:1      | Reached skill level 1 in Dodging
   156 | D:1      | XOM: silly message
   159 | D:1      | XOM: silly message
   179 | D:1      | Gained mutation: You are partially covered in large bone plates. (SH +4) [demonic ancestry]
   179 | D:1      | Reached XP level 2. HP: 22/24 MP: 2/2
   296 | D:1      | XOM: divination: magic mapping
   380 | D:1      | XOM: silly message
   396 | D:1      | XOM: mild Ice miscast
   714 | D:1      | Reached XP level 3. HP: 27/29 MP: 3/3
   885 | D:2      | Found a runed door.
   953 | D:2      | Noticed Crazy Yiuf
   955 | D:2      | XOM: 1-stop teleportation journey
  1106 | D:2      | XOM: scenery: create altars
  1271 | D:2      | XOM: summons friendly crimson imp
  1280 | D:2      | Killed Crazy Yiuf
  1280 | D:2      | Reached XP level 4. HP: 14/35 MP: 1/4
  1450 | D:2      | XOM: summons friendly quasit
  1923 | D:3      | Gained mutation: You are robust. (+10% HP) [potion of mutation]
  1923 | D:3      | Gained mutation: You are resistant to electric shocks. (rElec) [potion of mutation]
  2028 | D:3      | Found a shadowy altar of Dithmenos.
  2028 | D:3      | XOM: 7-stop teleportation journey
  2046 | D:3      | Reached skill level 1 in Staves
  2108 | D:3      | XOM: scenery: create altars
  2132 | D:3      | Noticed Sigmund
  2134 | D:3      | XOM: cast spell 'Alistair's Intoxication'
  2138 | D:3      | Killed Sigmund
  2138 | D:3      | Reached XP level 5. HP: 45/45 MP: 5/5
  2138 | D:3      | Gained mutation: When hurt, damage is shared between your health and your magic reserves. [demonic ancestry]
  2138 | D:3      | Reached XP level 6. HP: 51/51 MP: 6/6
  2396 | D:3      | XOM: mild Tloc miscast
  2397 | D:3      | Noticed a spatial vortex
  2413 | D:3      | Killed a spatial vortex
  2429 | D:3      | XOM: destruction
  2503 | D:4      | XOM: cast spell 'Death Channel'
  2527 | D:4      | XOM: summons 6 friendly demons
  2647 | D:4      | Gained mutation: You sometimes gain a little power by taking damage. [demonic ancestry]
  2647 | D:4      | Reached XP level 7. HP: 57/57 MP: 7/7
  2776 | D:4      | XOM: scenery: create altars
  2792 | D:4      | Reached skill level 5 in Armour
  2803 | D:4      | XOM: god gift: metal-bound book {god gift}
  3036 | D:4      | XOM: harmless Summ miscast
  3105 | D:4      | XOM: noise
  3142 | D:4      | Gained mutation: You expend magic power (3 MP) to strengthen your wands. [potion of mutation]
  3142 | D:4      | Gained mutation: You have a pair of small horns on your head. [potion of mutation]
  3142 | D:4      | Gained mutation: You have sharp toenails. [potion of mutation]
  3171 | D:4      | XOM: noise
  3196 | D:4      | XOM: harmless Tloc miscast
  3275 | D:4      | XOM: harmless Tloc miscast
  3279 | D:4      | XOM: medium Chrm miscast
  3367 | D:4      | Reached skill level 5 in Staves
  3367 | D:4      | Gained mutation: You are mostly covered in large bone plates. (SH +6) [demonic ancestry]
  3367 | D:4      | Reached XP level 8. HP: 56/63 MP: 8/8
  3405 | D:4      | XOM: mild Conj miscast
  3526 | D:5      | Entered Level 5 of the Dungeon
  3552 | D:5      | XOM: mild Hex miscast
  3671 | D:5      | Found a blossoming altar of Fedhas.
  3709 | D:5      | XOM: harmless Ice miscast
  3812 | D:5      | XOM: harmless Pois miscast
  3851 | D:5      | XOM: stat loss: -1 Int (12/13)
  3914 | D:5      | Found a stormy altar of Qazlal.
  4084 | D:6      | Got a smoking ring mail
  4085 | D:6      | Identified the cursed +0 ring mail "Teegg" {+Fly} (You found it on level 6 of the Dungeon)
  4202 | D:6      | Found a bloodstained altar of Trog.
  4408 | D:6      | Found a staircase to the Ecumenical Temple.
  4419 | D:6      | Noticed Blork the orc
  4419 | D:6      | XOM: enchant monster (bad)
  4431 | D:6      | Killed Blork the orc
  4556 | D:6      | XOM: mild Pois miscast
  4596 | Temple   | Entered the Ecumenical Temple
  4856 | D:7      | Found a shimmering altar of Xom.
  4857 | D:7      | Found a shimmering altar of Xom.
  4857 | D:7      | Found a shimmering altar of Xom.
  4857 | D:7      | Found a shimmering altar of Xom.
  4857 | D:7      | Found a shimmering altar of Xom.
  4862 | D:7      | Found a shimmering altar of Xom.
  4957 | D:7      | Reached skill level 5 in Fighting
  5008 | D:7      | XOM: silly message
  5038 | D:7      | XOM: give mutations
  5038 | D:7      | Lost mutation: You have sharp toenails. [Xom's mischief]
  5038 | D:7      | Lost mutation: You expend magic power (3 MP) to strengthen your wands. [Xom's mischief]
  5038 | D:7      | Gained mutation: Your skin changes colour to match your surroundings (Stealth+). [Xom's mischief]
  5172 | D:7      | XOM: summons friendly ufetubus
  5174 | D:7      | XOM: mild Hex miscast
  5295 | D:7      | XOM: medium Fire miscast
  5319 | D:7      | Found a basalt altar of Yredelemnul.
  5319 | D:7      | Found a sparkling altar of Nemelex Xobeh.
  5319 | D:7      | Found a radiant altar of Vehumet.
  5350 | D:7      | Reached XP level 9. HP: 75/75 MP: 9/9
  5380 | D:7      | XOM: swap monsters
  5822 | D:7      | XOM: give mutations
  5822 | D:7      | Gained mutation: Scrolls take you a little longer to read. [Xom's mischief]
  5822 | D:7      | Lost mutation: You are robust. (+10% HP) [Xom's mischief]
  5822 | D:7      | Gained mutation: You are clumsy. (Dex -2) [Xom's mischief]
  5822 | D:7      | Gained mutation: You are frail. (-10% HP) [Xom's mischief]
  5860 | D:7      | XOM: give mutations
  5860 | D:7      | Gained mutation: You possess an exceptional clarity of mind. [Xom's grace]
  5860 | D:7      | Gained mutation: Your flesh is cold resistant. (rC+) [Xom's grace]
  5860 | D:7      | Gained mutation: You have very sharp teeth. [Xom's grace]
  5899 | D:7      | XOM: butterfly on damage
  5985 | D:7      | XOM: medium Hex miscast
  6203 | D:7      | XOM: harmless Pois miscast
  6427 | D:7      | XOM: confuse monster(s)
  6444 | D:7      | XOM: cast spell 'Summon Ice Beast'
  6461 | D:7      | XOM: polymorph ice beast -> water moccasin
  6513 | D:8      | XOM: chaos upgrade
  6517 | D:8      | XOM: confuse monster(s)
  6519 | D:8      | Reached XP level 10. HP: 61/72 MP: 10/10
  7005 | D:8      | Noticed Psyche
  7005 | D:8      | Noticed a two-headed ogre
  7013 | D:8      | XOM: enchant monster (bad)
  7019 | D:8      | Killed a two-headed ogre
  7047 | D:8      | XOM: medium Fire miscast
  7052 | D:8      | Killed Psyche
  7055 | D:8      | Lost mutation: You are clumsy. (Dex -2) [potion of mutation]
  7055 | D:8      | Lost mutation: You have a pair of small horns on your head. [potion of mutation]
  7055 | D:8      | Lost mutation: You possess an exceptional clarity of mind. [potion of mutation]
  7055 | D:8      | Lost mutation: You are resistant to electric shocks. (rElec) [potion of mutation]
  7055 | D:8      | Lost mutation: You are frail. (-10% HP) [potion of mutation]
  7055 | D:8      | Gained mutation: You are resistant to hostile enchantments. (MR+) [potion of mutation]
  7055 | D:8      | Gained mutation: You are frail. (-10% HP) [potion of mutation]
  7055 | D:8      | Gained mutation: You possess an exceptional clarity of mind. [potion of mutation]
  7055 | D:8      | Gained mutation: Your mind is acute. (Int +2) [potion of mutation]
  7331 | D:8      | Found a staircase to the Lair.
  7463 | D:8      | XOM: 1-stop teleportation journey
  7570 | D:8      | XOM: fog
  7783 | D:9      | Noticed a purple ugly thing
  7792 | D:9      | Killed a purple ugly thing
  7874 | D:9      | Found a flagged portal.
  7893 | Bailey   | Entered a bailey
  7903 | Bailey   | XOM: noise
  7978 | Bailey   | XOM: polymorph orc -> adder
  7980 | Bailey   | XOM: 1-stop teleportation journey
  7981 | Bailey   | Noticed an orc knight
  7981 | Bailey   | Noticed an orc knight
  7981 | Bailey   | Noticed an orc knight
  7981 | Bailey   | Noticed an orc knight
  7991 | D:9      | XOM: silly message
  8002 | D:9      | Killed an orc knight
  8002 | D:9      | Reached skill level 10 in Staves
  8010 | D:9      | XOM: summons 5 hostile demons
  8385 | D:9      | XOM: harmless Tloc miscast
  8481 | D:9      | Lost mutation: Scrolls take you a little longer to read. [potion of mutation]
  8481 | D:9      | Lost mutation: You possess an exceptional clarity of mind. [potion of mutation]
  8481 | D:9      | Lost mutation: You are frail. (-10% HP) [potion of mutation]
  8481 | D:9      | Lost mutation: You are resistant to hostile enchantments. (MR+) [potion of mutation]
  8481 | D:9      | Lost mutation: Your mind is acute. (Int +2) [potion of mutation]
  8481 | D:9      | Lost mutation: Your flesh is cold resistant. (rC+) [potion of mutation]
  8481 | D:9      | Gained mutation: You are weak. (Str -2) [potion of mutation]
  8481 | D:9      | Gained mutation: Your flesh is cold resistant. (rC+) [potion of mutation]
  8481 | D:9      | Gained mutation: You are agile. (Dex +2) [potion of mutation]
  8481 | D:9      | Gained mutation: You have a pair of small horns on your head. [potion of mutation]
  8505 | D:9      | Found a blossoming altar of Fedhas.
  8568 | D:9      | Lost mutation: You have a pair of small horns on your head. [demonic ancestry]
  8568 | D:9      | Gained mutation: You have a pair of small antennae on your head. [demonic ancestry]
  8568 | D:9      | Reached XP level 11. HP: 87/87 MP: 11/11
  8679 | D:9      | Found a bloodstained altar of Trog.
  8726 | D:9      | XOM: give mutations
  8726 | D:9      | Gained mutation: Your skin blends seamlessly with your surroundings (Stealth++). [Xom's mischief]
  8726 | D:9      | Gained mutation: You are very weak. (Str -4) [Xom's mischief]
  8726 | D:9      | Lost mutation: You are agile. (Dex +2) [Xom's mischief]
  8726 | D:9      | Gained mutation: Armour fits poorly on your strangely shaped body. [Xom's mischief]
  8806 | D:9      | XOM: harmless Tmut miscast
  8861 | D:10     | Entered Level 10 of the Dungeon
  9564 | D:10     | XOM: noise
  9595 | D:11     | Found a staircase to the Orcish Mines.
  9674 | D:10     | XOM: silly message
  9808 | D:11     | XOM: blink monster(s)
  9855 | D:11     | XOM: mild Necr miscast
 10027 | D:11     | Noticed a purple ugly thing
 10043 | D:11     | Killed a purple ugly thing
 10191 | D:11     | XOM: give mutation
 10191 | D:11     | Gained mutation: Scrolls take you a little longer to read. [Xom's mischief]
 10274 | D:11     | XOM: harmless Erth miscast
 10276 | D:11     | Reached skill level 10 in Armour
 10282 | D:11     | Noticed Maurice
 10290 | D:11     | Killed Maurice
 10330 | D:11     | XOM: harmless Pois miscast
 10408 | D:9      | XOM: give mutation
 10408 | D:9      | Lost mutation: Scrolls take you a little longer to read. [Xom's mischief]
 10475 | Lair:1   | Entered Level 1 of the Lair of Beasts
 10602 | Lair:1   | Noticed a six-headed hydra
 10615 | Lair:1   | XOM: god gift: 46 gold pieces
 10625 | Lair:1   | Killed a six-headed hydra
 10666 | Lair:1   | XOM: destruction
 10675 | Lair:1   | XOM: divination: detect creatures
 10678 | Lair:1   | XOM: enchant monster (good)
 10685 | Lair:1   | XOM: divination: detect items
 10827 | D:8      | XOM: medium Ice miscast
 10981 | D:8      | XOM: god gift: potion of invisibility
 10998 | D:8      | XOM: give mutations
 10998 | D:8      | Gained mutation: You are frail. (-10% HP) [Xom's mischief]
 10998 | D:8      | Lost mutation: You are frail. (-10% HP) [Xom's mischief]
 10998 | D:8      | Gained mutation: You are frail. (-10% HP) [Xom's mischief]
 11000 | Lair:1   | XOM: swap monsters
 11013 | Lair:1   | Killed a six-headed hydra
 11023 | Lair:1   | XOM: mild Fire miscast
 11243 | Lair:1   | Got smoking fire dragon scales
 11244 | Lair:1   | Identified the cursed +0 fire dragon scales of the Will of the Gods {-Tele rElec rPois rF++ rC- rCorr} (You found it on level 1 of the Lair of Beasts)
 11275 | Lair:1   | XOM: noise
 11320 | Lair:1   | XOM: summons 5 hostile demons
 11387 | Lair:1   | XOM: summons 3 hostile demons
 11576 | Lair:2   | Noticed Sonja
 11585 | Lair:2   | XOM: destruction
 11592 | Lair:2   | HP: 3/78 [poisoned by Sonja (curare-tipped needle)]
 11593 | Lair:2   | HP: 1/78 [poisoned by Sonja (curare-tipped needle)]
 11593 | Lair:2   | XOM: fog
 11594 | Lair:2   | Succumbed to Sonja's curare-tipped needle

Skill      XL: |  1  2  3  4  5  6  7  8  9 10 11 |
---------------+----------------------------------+-----
Dodging        | 1 2 |  2.2
Maces & Flails | 3 |  3.7
Armour         | 2 4 6 9 11 | 11.1
Staves         | 2 3 5 6 8 10 11 | 11.0
Fighting       | 5 8 |  8.4

Action                   |  1- 3 |  4- 6 |  7- 9 | 10-12 || total
-------------------------+-------+-------+-------+-------++-------
Melee: Mace              |   119 |       |       |       ||   119
       Quarterstaff      |       |   114 |   284 |   528 ||   926
       Headbutt          |       |       |    43 |    16 ||    59
       Kick              |       |       |    24 |       ||    24
       Bite              |       |       |     8 |    46 ||    54
 Abil: Evoke Invisibilit |       |       |     1 |       ||     1
Evoke: Wand              |       |       |       |     1 ||     1
  Use: Scroll            |     3 |     1 |     9 |     7 ||    20
       Potion            |     2 |     6 |     3 |    15 ||    26
 Stab: Distracted        |     1 |       |     2 |       ||     3
       Sleeping          |       |     2 |       |     1 ||     3
       Paralysed         |       |       |     2 |     5 ||     7
       Petrified         |       |       |     3 |     2 ||     5
       Petrifying        |       |       |     2 |     1 ||     3
       Confused          |       |       |       |     1 ||     1
       Invisible         |       |       |       |     1 ||     1
  Eat: Bread ration      |     1 |     1 |       |     2 ||     4
       Meat ration       |       |       |     2 |     1 ||     3
       Chunk             |       |       |     2 |     5 ||     7
Armor: Leather armour    |    32 |       |       |       ||    32
       Ring mail         |    30 |    46 |   116 |     4 ||   196
       Plate armour      |       |       |       |   265 ||   265
       Skin              |       |       |       |     6 ||     6
Dodge: Dodged            |    32 |    16 |    53 |    90 ||   191
Block: Other             |    68 |    63 |   157 |   314 ||   602
       Reflection        |       |     4 |    10 |    12 ||    26
